 Dungeon Crawl Stone Soup version 0.17-a0-1805-g6093636 (webtiles) character file.

478 Lremus the Summoner (level 6, -8/32 HPs)
             Began as a Deep Elf Summoner on Sept 8, 2015.
             Mangled by a four-headed hydra (9 damage)
             ... on level 7 of the Dungeon on Sept 12, 2015.
             The game lasted 00:29:13 (5708 turns).

Lremus the Summoner (Deep Elf Summoner)             Turns: 5708, Time: 00:29:13

Health: -8/32      AC:  4    Str:  5    XL:     6   Next: 85%
Magic:  3/16       EV: 13    Int: 22    God:
Gold:   282        SH:  0    Dex: 15    Spells: 4 memorised, 6 levels left

rFire  . . .     SeeInvis .     v - +0 short sword (venom)
rCold  . . .     Clarity  .     a - +0 robe
rNeg   . . .     SustAt   .     (no shield)
rPois  .         Gourm    .     (no helmet)
rElec  .         Spirit   .     (no cloak)
rCorr  .         Warding  .     i - +1 pair of gloves
rMut   .         Stasis   .     (no boots)
MR     .....                    (no amulet)
Stlth  ++........               (no ring)
                                (no ring)

@: not resistant to hostile enchantments, unstealthy
A: no striking features
a: no special abilities


You were on level 7 of the Dungeon.
You were hungry.

You visited 1 branch of the dungeon, and saw 5 of its levels.
You also visited: Ossuary.

You collected 282 gold pieces.

Inventory:

Hand weapons
 d - a +0 dagger
 v - a +0 short sword of venom (weapon)
Armour
 a - a +0 robe (worn)
 g - a +0 helmet
 i - a +1 pair of gloves (worn)
Jewellery
 q - an uncursed amulet of regeneration
 r - an uncursed ring of wizardry {unknown}
Magical devices
 h - a wand of digging (11)
Scrolls
 c - a scroll of enchant armour {unknown}
 e - 4 scrolls of identify
 j - a scroll of recharging {unknown}
 k - 3 scrolls of remove curse
 m - 3 scrolls of teleportation {unknown}
 o - a scroll of noise {unknown}
 t - 2 scrolls of magic mapping {unknown}
 u - a scroll of enchant weapon {unknown}
 x - 2 scrolls of blinking {unknown}
 y - 2 scrolls of immolation {unknown}
Potions
 l - a potion of curing {unknown}
 n - a potion of invisibility {unknown}
 p - a potion of flight {unknown}
 w - 3 potions of agility {unknown}
 z - a potion of might {unknown}
 A - 3 potions of poison {unknown}
 B - a potion of brilliance {unknown}
Books
 b - a book of Callings

   Spells                             Type                      Level
   a - Summon Small Mammal            Summoning                    1
   b - Call Imp                       Summoning                    2
   c - Call Canine Familiar           Summoning                    3
   d - Summon Guardian Golem          Hexes/Summoning              3
   e - Summon Lightning Spire         Summoning/Air                4
   f - Summon Ice Beast               Ice/Summoning                4
Comestibles
 f - 4 meat rations
 s - a royal jelly


   Skills:
 - Level 2.4 Dodging
 - Level 2.4 Stealth
 + Level 5.9 Spellcasting
 + Level 8.0 Summonings


You had 6 spell levels left.
You knew the following spells:

 Your Spells              Type           Power        Failure   Level  Hunger
a - Summon Small Mammal   Summ           ####         1%          1    None
b - Call Imp              Summ           #####...     1%          2    None
c - Call Canine Familiar  Summ           #####...     1%          3    #......
d - Summon Ice Beast      Ice/Summ       ###.....     17%         4    ###....


Dungeon Overview and Level Annotations

Branches:
Dungeon (7/15)
 Temple: D:4-7

Altars:
Dithmenos

Annotations:
D:7 jalala's ghost, experienced KoHu


Message History

Your ice beast closely misses jalala's ghost.
Your hound bites the giant frog.
There is a stone staircase leading down here.
Your hound barely misses the giant frog.
The giant frog hits your crimson imp.
Your hound bites the giant frog.
Casting: Summon Ice Beast
Confirm with . or Enter, or press ? or * to list all spells.
A chill wind blows around you.
The giant frog closely misses your crimson imp.
Your hound bites the giant frog.
The four-headed hydra bites you.
The four-headed hydra barely misses you.
The four-headed hydra bites you.
* * * LOW HITPOINT WARNING * * *
The four-headed hydra bites you!
* * * LOW HITPOINT WARNING * * *
Your ice beast hits jalala's ghost but does no damage.
The giant frog misses your hound.
Your hound closely misses the giant frog.
The four-headed hydra bites you!
You die...

#.#.#####.#....
#.W.5..........
#Y#.F..........
#5###..##.#..##
###+#>.............
#....h.....##.#.# .
#...F5.##.... ..#
#..D...##.... ..
#.@.Y..##..... .
#####+###......


You could see a four-headed hydra, a giant frog, a friendly ice beast, a
friendly hound, a friendly crimson imp and a friendly shadow imp.

Vanquished Creatures
  2 adders (D:2)
  A giant gecko (D:4)
  An orc (D:4)
  2 hobgoblins
  4 jackals (D:1)
  6 bats
  A giant cockroach (D:3)
  4 giant newts
  6 goblins
  2 kobold zombies (Ossuary)
  A quokka skeleton (D:4)
  7 rats
37 creatures vanquished.

Vanquished Creatures (collateral kills)
  The ghost of Jybburish the Chopper, an experienced FoFi (D:4)
  A water moccasin zombie (Ossuary)
  Ijyb (D:2)
  Terence (D:2)
  2 orc wizards (D:4)
  A gnoll shaman (D:4)
  A big kobold zombie (Ossuary)
  2 mummies (Ossuary)
  3 gnolls (D:4)
  5 adders
  6 adder zombies (Ossuary)
  2 worms
  12 orcs
  A ball python (D:1)
  4 bats
  12 goblins
  5 hobgoblins
  14 jackals
  A giant cockroach (D:3)
  3 giant newts
  3 gnoll zombies (Ossuary)
  6 hobgoblin zombies (Ossuary)
  6 kobolds
  4 kobold zombies (Ossuary)
  4 orc zombies (Ossuary)
  8 rats
109 creatures vanquished.

Vanquished Creatures (others)
  A water moccasin zombie (Ossuary)
  A kobold zombie (Ossuary)
2 creatures vanquished.

Grand Total: 148 creatures vanquished

Notes
Turn   | Place    | Note
--------------------------------------------------------------
     0 | D:1      | Lremus the Deep Elf Summoner began the quest for the Orb.
     0 | D:1      | Reached XP level 1. HP: 10/10 MP: 6/6
   927 | D:1      | Reached XP level 2. HP: 13/15 MP: 8/8
   931 | D:1      | Learned a level 2 spell: Call Imp
  1015 | D:1      | Reached skill level 5 in Summonings
  1404 | D:1      | Reached XP level 3. HP: 12/19 MP: 4/9
  1411 | D:1      | Learned a level 3 spell: Call Canine Familiar
  1847 | D:2      | Noticed Ijyb
  1889 | D:2      | Killed Ijyb
  1983 | D:2      | Noticed Terence
  2005 | D:2      | Killed Terence
  2005 | D:2      | Reached XP level 4. HP: 24/24 MP: 4/11
  2232 | D:2      | Reached skill level 6 in Summonings
  3246 | D:3      | Reached XP level 5. HP: 23/28 MP: 2/13
  3845 | D:4      | Noticed Jybburish's ghost (experienced FoFi)
  3858 | D:4      | Killed Jybburish's ghost
  3858 | D:4      | Reached skill level 5 in Spellcasting
  3858 | D:4      | Reached skill level 7 in Summonings
  3858 | D:4      | Reached XP level 6. HP: 14/32 MP: 10/15
  4002 | D:4      | Found a shadowy altar of Dithmenos.
  4079 | D:4      | HP: 1/32 [something/magic dart (3)]
  4114 | D:4      | Upgraded the game from 0.17-a0-1778-gd369669 to 0.17-a0-1805-g6093636
  4119 | D:4      | Learned a level 4 spell: Summon Ice Beast
  4482 | D:4      | Found a sand-covered staircase.
  4491 | Ossuary  | Entered an ossuary
  5590 | Ossuary  | Reached skill level 8 in Summonings
  5679 | D:4      | You fall through a shaft for 3 floors!
  5679 | D:7      | Noticed jalala's ghost (experienced KoHu)
  5692 | D:7      | Noticed a four-headed hydra
  5707 | D:7      | HP: 1/32 [four-headed hydra (8)]
  5708 | D:7      | Mangled by a four-headed hydra

Vault maps used:
D:1:      wheals_arrival_shading
D:2:      uniq_crazy_yiuf_cottage, uniq_iyjb, uniq_terence
D:3:      st_stairs_3, guppyfry_early_orc_mine
D:4:      kennysheep_mini_moat, nicolae_ossuary_entry_monument
D:7:      lemuel_doored_altar, serial_shops, nicolae_shop_stone
Ossuary:  ossuary_tomb_2

Action                   |  1- 3 |  4- 6 || total
-------------------------+-------+-------++-------
Melee: Dagger            |    85 |    80 ||   165
       Unarmed           |    16 |       ||    16
       Short sword       |       |    80 ||    80
 Cast: Summon Small Mamm |    18 |       ||    18
       Call Imp          |    12 |    20 ||    32
       Call Canine Famil |     6 |    19 ||    25
       Summon Ice Beast  |       |     2 ||     2
  Use: Scroll            |       |     3 ||     3
       Potion            |       |     1 ||     1
 Stab: Sleeping          |     5 |     2 ||     7
  Eat: Chunk             |     4 |     8 ||    12
       Bread ration      |       |     1 ||     1
